 Dungeon Crawl Stone Soup version 0.26.0-15-gc6cd9f7 (webtiles) character file.

Game seed: 14987989736692583250

123 jimeh the Slasher (level 5, -2/43 HPs)
             Began as a Barachi Monk on Jan 24, 2021.
             Was a Priest of Zin.
             Slain by a phantom (7 damage)
             ... on level 4 of the Dungeon.
             The game lasted 00:05:37 (1843 turns).

jimeh the Slasher (Barachi Monk)                    Turns: 1843, Time: 00:05:38

Health: -2/43      AC:  7    Str: 12    XL:     5   Next: 7%
Magic:  5/5        EV: 12    Int: 12    God:    Zin [***...]
Gold:   81         SH:  0    Dex: 14    Spells: 4/4 levels left

rFire    . . .     SeeInvis .   a - +0 falchion
rCold    . . .     Faith    .   (no shield)
rNeg     . . .     Spirit   .   o - +0 ring mail
rPois    .         Reflect  .   m - +0 helmet
rElec    .         Harm     .   l - +0 cloak
rCorr    .         Rampage  .   (no gloves)
Will     .....                  (no boots)
Stlth    +.........             (no amulet)
HPRegen  0.14/turn              (no ring)
MPRegen  0.09/turn              (no ring)

@: mighty, slow
A: +LOS, swims, slowness 1, strong legs 1
a: Hop, Renounce Religion, Recite, Vitalisation, Imprison, Donate Gold


You were on level 4 of the Dungeon.
You worshipped Zin.
Zin was most pleased with you.
You visited 1 branch of the dungeon, and saw 3 of its levels.

You collected 90 gold pieces.
You donated 9 gold pieces to Zin.

Inventory:

Hand Weapons
 a - a +0 falchion (weapon)
Armour
 b - a +0 robe
 l - a +0 cloak (worn)
 m - a +0 helmet (worn)
 o - a +0 ring mail (worn)
Scrolls
 c - a scroll of identify
 g - a scroll of random uselessness
 j - a scroll of remove curse
 k - a scroll of amnesia
Potions
 d - a potion of curing


   Skills:
 + Level 4.3 Fighting
 + Level 5.1 Long Blades
 + Level 0.6 Armour
 + Level 4.0 Dodging
 + Level 2.4 Stealth


You had 4 spell levels left.
You didn't know any spells.
Your spell library was empty.

Dungeon Overview and Level Annotations

Branches:
Dungeon (2/15)

Altars:
Wu Jian
Zin

Annotations:
D:4 Eustachio


Innate Abilities, Weirdness & Mutations

You can be seen from farther away. (+LOS)
You can swim through water.
You cover ground slowly.
You can hop short distances.


Message History

You barely miss the phantom.
The phantom is moderately damaged.
The phantom misses you.
You closely miss the phantom.
The phantom is moderately damaged.
The phantom hits you.
* * * LOW HITPOINT WARNING * * *
The phantom blinks!
You see here a worker ant corpse.
You see here a scroll of identify.
c - a scroll of identify The phantom closely misses you.
You see here a worker ant corpse.
You miss the phantom.
The phantom is moderately damaged.
The phantom barely misses you.
You slash the phantom!
The phantom is heavily damaged.
The phantom hits you!
You die...

.......
#######
#########
#....@W.#
#.#####.#
#.# #.# ##
#.# #W# .
#.# #.# #.
#.# #.# #.
#.# #.#
#..#.# #.#
#..#.#####.#


You could see a phantom.

Vanquished Creatures
  A hound (D:4)
  A worker ant (D:4)
  A gnoll (D:1)
  3 worms (D:2)
  A dart slug (D:1)
  4 leopard geckos
  3 goblins
  5 hobgoblins
  4 jackals (D:2)
  4 kobolds
  11 bats
  2 frilled lizards
  8 rats
48 creatures vanquished.

Notes
Turn   | Place    | Note
-------+----------+-------------------------------------------
     0 | D:1      | jimeh the Barachi Monk began the quest for the Orb.
     0 | D:1      | Reached XP level 1. HP: 18/18 MP: 1/1
   147 | D:1      | Reached XP level 2. HP: 23/25 MP: 2/2
   363 | D:1      | Reached skill level 4 in Long Blades
   481 | D:1      | Reached XP level 3. HP: 30/30 MP: 3/3
   979 | D:2      | Found a faded altar of an unknown god.
  1209 | D:2      | Reached XP level 4. HP: 37/37 MP: 4/4
  1213 | D:2      | Became a worshipper of Zin the Law-Giver
  1213 | D:2      | Reached * piety under Zin
  1213 | D:2      | Reached ** piety under Zin
  1409 | D:2      | Reached *** piety under Zin
  1479 | D:2      | Found an ornate altar of the Wu Jian Council.
  1677 | D:2      | You fall into a shaft and drop 2 floors!
  1678 | D:4      | Noticed a phantom
  1777 | D:4      | Reached skill level 5 in Long Blades
  1784 | D:4      | Noticed Eustachio
  1829 | D:4      | Reached XP level 5. HP: 12/43 MP: 5/5
  1843 | D:4      | Slain by a phantom

Illustrated notes

Levels and vault maps discovered:
D:1:      dpeg_arrival_connections, layout_basic,
          chequers_serial_rivers_small_b, grunt_decor_fettered
D:2:      layout_loops_ring, lemuel_round_altar,
          chequers_ecumenical_altar_simple_redux
D:4:      cheibrodos_pilgrimage, layout_basic, lemuel_doored_altar,
          wad_floor_pattern_untrapped, uniq_eustachio, uniq_edmund, uniq_robin

Skill      XL: |  1  2  3  4 |
---------------+-------------+-----
Stealth        | 2 |  2.4
Fighting       | 4 |  4.3
Long Blades    | 4 5 |  5.1
Dodging        | 4 |  4.0
Armour         | |  0.6

Action                   |  1- 3 |  4- 6 || total
-------------------------+-------+-------++-------
Melee: Falchion          |    97 |    58 ||   155
 Abil: Hop               |       |     1 ||     1
  Use: Scroll            |       |     9 ||     9
       Potion            |       |     2 ||     2
 Stab: Sleeping          |     7 |     1 ||     8
Armor: Robe              |    24 |     2 ||    26
       Ring mail         |       |    18 ||    18
Dodge: Dodged            |   101 |    46 ||   147
       Rpst.: Falchion   |    35 |    12 ||    47
